 Dungeon Crawl Stone Soup version 0.31-a0-187-gba352fbbf7 (webtiles) character file.

Game seed: 2778657784791996750

4 qw the Shooter (level 1, 0/12 HPs)
             Began as a Deep Elf Hunter on June 22, 2023.
             Slain by a quokka (2 damage)
             ... on level 1 of the Dungeon.
             The game lasted 00:00:03 (148 turns).

qw the Shooter (Deep Elf Hunter)                     Turns: 148, Time: 00:00:04

Health: 0/12       AC:  3    Str:  8    XL:     1   Next: 50%
Magic:  3/3        EV: 12    Int: 13    God:
Gold:   32         SH:  0    Dex: 18    Spells: 0/0 levels left

rFire   . . .        a - +0 shortbow
rCold   . . .        (shield currently unavailable)
rNeg    . . .        c - +0 leather armour
rPois   .            (no helmet)
rElec   .            (no cloak)
rCorr   .            (no gloves)
SInv    .            (no boots)
Will    .....        (no amulet)
Stlth   ++           (no ring)
HPRegen 0.22/turn    (no ring)
MPRegen 0.08/turn

%: no passive effects
@: no status effects
A: no striking features
a: no special abilities


You were on level 1 of the Dungeon.
You visited 1 branch of the dungeon, and saw 1 of its levels.

You collected 32 gold pieces.


   Skills:
 - Level 1.5 Fighting
 + Level 5.6 Ranged Weapons
 - Level 2.4 Dodging
 - Level 1.2 Stealth


You couldn't memorise any spells.
You didn't know any spells.
Your spell library was empty.

Inventory:

Hand Weapons
 a - a +0 shortbow (weapon)
Armour
 c - a +0 leather armour (worn)
Scrolls
 b - a scroll of butterflies
 d - a scroll of enchant armour {unknown}

Dungeon Overview and Level Annotations

Branches:
Dungeon (1/15)

Altars:


Message History

The bat barely misses you.
You shoot an arrow. The arrow misses the bat.
The bat barely misses you. The bat closely misses you.
You shoot an arrow. The arrow hits the bat!
You kill the bat!
Found a stone staircase leading down.
Enter note: You now have 32 gold pieces (gained 14).
A frilled lizard comes into view.
Enter note: You shoot an arrow.
The arrow hits the frilled lizard.
You kill the frilled lizard!
Found a dagger.
Enter note:
Found a spear.
Enter note:
Enter note: A quokka comes into view.
Enter note:
Enter note: You shoot an arrow.
The arrow closely misses the quokka.
The quokka bites you but does no damage.
You shoot an arrow. The arrow closely misses the quokka.
The quokka bites you.
You shoot an arrow. The arrow hits the quokka.
The quokka is heavily wounded.
The quokka misses you. x2
You shoot an arrow.
The arrow hits the quokka but does no damage.
The quokka is heavily wounded.
The quokka bites you.
You shoot an arrow. The arrow misses the quokka.
The quokka closely misses you.
You shoot an arrow. The arrow barely misses the quokka.
The quokka bites you. The quokka closely misses you.
You shoot an arrow. The arrow closely misses the quokka.
The quokka bites you.
You shoot an arrow. The arrow barely misses the quokka.
The quokka bites you.
You die...

..... ....... #####
####### .##) .....
#.##.# #######
......# .......
.......## .......
........####r......
..######
...........@.......
........
........####.......
..######
..........# .......
#
........#.#########
# .......##..# ##
....... ##.## #.
....... #..# #.
.)..... ##.#
######. .......
###.###### ##...##.


You could see a quokka.

Vanquished Creatures
  An endoplasm (D:1)
  A hobgoblin (D:1)
  A bat (D:1)
  A frilled lizard (D:1)
4 creatures vanquished.

Notes
Turn   | Place    | Note
-------+----------+-------------------------------------------
     0 | D:1      | qw the Deep Elf Hunter began the quest for the Orb.
     0 | D:1      | Reached XP level 1. HP: 12/12 MP: 3/3
     0 | D:1      | 0 ||| qw: Version: 0.3-a-9-g12657ce
     0 | D:1      | 0 ||| qw: Game counter: 2012
     0 | D:1      | 0 ||| qw: Always use a shield: true
     0 | D:1      | 0 ||| qw: God list: Okawaru
     0 | D:1      | 0 ||| qw: Allow faded altars: false
     0 | D:1      | 0 ||| qw: Do Orc after D:15 true
     0 | D:1      | 0 ||| qw: Do second Lair branch before Depths: true
     0 | D:1      | 0 ||| qw: Lair rune preference: random
     0 | D:1      | 0 ||| qw: Plans: Normal
     0 | D:1      | 0 ||| PLANNING D:1-11
   147 | D:1      | HP: 2/12 [quokka (3)]
   148 | D:1      | Slain by a quokka

Levels and vault maps discovered:
D:1:      grunt_arrival_lava_bath, layout_rooms

Action                     || total
---------------------------++-------
   Fire: Shortbow          ||    19
 Armour: Leather armour    ||     4
  Dodge: Dodged            ||     7

Table legend:
 A = Non-vault XP
 B = Vault XP
 C = Vault XP percentage of total XP
 D = Non-vault monster count
 E = Vault monster count
 F = Vault count percentage of total count
                 A         B        C        D         E       F
            +---------+---------+-------+---------+---------+-------
      Total |       6 |       0 |   0.0 |       4 |       0 |   0.0
            +---------+---------+-------+---------+---------+-------
        D:1 |       6 |       0 |   0.0 |       4 |       0 |   0.0
            +---------+---------+-------+---------+---------+-------
